 Dungeon Crawl Stone Soup version 0.29.0-13-gc9e81de378 (webtiles) character file.

Game seed: 4093671932020284359

345 Zonian the Cutter (level 6, 0/48 HPs)
             Began as a Demonspawn Gladiator on Sept 11, 2022.
             Slain by a gnoll sergeant
             ... wielding a +3 trident
              (10 damage)
             ... on level 5 of the Dungeon.
             The game lasted 00:07:34 (6047 turns).

Zonian the Cutter (Demonspawn Gladiator)            Turns: 6047, Time: 00:07:34

Health: 0/48       AC:  8    Str: 14    XL:     6   Next: 32%
Magic:  0/6        EV: 12    Int: 10    God:
Gold:   226        SH:  3    Dex: 16    Spells: 5/5 levels left

rFire   . . .      SeeInvis .   a - +0 rapier
rCold   . . .      Faith    .   f - +0 buckler
rNeg    . . .      Spirit   +   b - +0 leather armour
rPois   .          Reflect  .   c - +1 helmet
rElec   .          Harm     .   (no cloak)
rCorr   .          Rampage  .   (no gloves)
Will    .....                   (no boots)
Stlth   +.........              m - amulet of guardian spirit
HPRegen 0.16/turn               (no ring)
MPRegen 0.10/turn               (no ring)

@: no status effects
A: yellow scales 2, demonic guardian 1, demonic touch 1
a: no special abilities


You were on level 5 of the Dungeon.
You visited 1 branch of the dungeon, and saw 5 of its levels.

You collected 226 gold pieces.

Inventory:

Hand Weapons
 a - a +0 rapier (weapon)
 g - a +0 sling
 q - a +0 falchion of freezing
Missiles
 w - 10 poisoned darts (quivered)
 x - 4 curare-tipped darts
Armour
 b - a +0 leather armour (worn)
 c - a +1 helmet (worn)
 f - a +0 buckler (worn)
 r - a scarf of harm
Jewellery
 m - an amulet of guardian spirit (around neck)
Scrolls
 n - a scroll of magic mapping
Potions
 d - a potion of curing {unknown}
 h - a potion of might {unknown}
 i - 3 potions of lignification
 j - a potion of invisibility {unknown}
 k - a potion of resistance {unknown}
 l - 2 potions of flight
 o - 2 potions of degeneration
 s - a potion of cancellation {unknown}
 t - a potion of mutation {unknown}
 u - a potion of heal wounds {unknown}
 v - 2 potions of attraction


   Skills:
 + Level 3.8 Fighting
 + Level 3.9 Short Blades
 + Level 3.4 Throwing
 + Level 3.9 Dodging


You had 5 spell levels left.
You didn't know any spells.
Your spell library was empty.

Dungeon Overview and Level Annotations

Branches:
Dungeon (5/15)
 Temple: D:4-7

Altars:


Innate Abilities, Weirdness & Mutations

You are mostly covered in yellow scales. (AC +3)
A weak demonic guardian rushes to your aid.
Your touch may inflict minor irresistible damage on your foes.


Message History

The gnoll hits you from afar with a +0 halberd.
The gnoll sergeant hits you with a +3 trident!
You swap places.
The gnoll sergeant hits you from afar with a +3 trident!
Your white imp barely misses the gnoll sergeant.
The gnoll sergeant hits your white imp with a +3 trident!
Your white imp hits the gnoll sergeant but does no damage.
Unknown command.
The gnoll sergeant hits your white imp with a +3 trident!
Your white imp dies!
Your white imp disappears in a puff of smoke!
Unknown command.
The gnoll sergeant hits you with a +3 trident.
You hit the gnoll sergeant.
The gnoll sergeant is moderately wounded.
The gnoll closely misses you. The gnoll sergeant barely misses you.
You hit the gnoll sergeant but do no damage.
The gnoll sergeant is moderately wounded.
The gnoll hits you but does no damage. The gnoll sergeant barely misses you.
You hit the gnoll sergeant.
The gnoll sergeant is moderately wounded.
The gnoll hits you but does no damage.
The gnoll sergeant hits you with a +3 trident.
* * * LOW HITPOINT WARNING * * *
The gnoll sergeant blocks your attack.
The gnoll sergeant is moderately wounded.
The gnoll hits you from afar with a +0 spear.
* * * LOW HITPOINT WARNING * * *
The gnoll sergeant closely misses you.
Unknown command.
Throw: javelin
Press: ? - help, Q - select action, (/) - cycle Shift-Dir - straight line, f - gnoll sergeant
Aim: a gnoll sergeant, wielding a +3 trident, wearing a +0 scale mail and wearing a +0 kite shield (moderately wounded, 72% to hit)
You throw a javelin.
The javelin pierces through the gnoll sergeant!
The gnoll sergeant is severely wounded.
The javelin barely misses the gnoll.
The gnoll closely misses you.
The gnoll sergeant hits you with a +3 trident!
You die...

..#.....##.#............
#........gg.###....##...
####....g.....#.#..# .#.
##.##.gg#.....#.## #
#..##.####......#
##.##..# ...#..#.#
##.....###.#......#
#...g####..#.##...#
#...###gg@..# .# ...#
#.#. ####### #..#. ... .
.. . .# .# #.. #.# ....
..


You could see a gnoll sergeant and 2 gnolls.

Vanquished Creatures
  An ice beast (D:5)
  3 gnolls (D:3)
  8 adders
  3 dart slugs (D:3)
  2 orcs
  6 ball pythons
  16 bats
  9 endoplasms
  5 giant cockroaches
  12 goblins
  12 hobgoblins
  3 jackals
  3 quokkas
  2 frilled lizards (D:1)
  6 kobolds
  5 rats
96 creatures vanquished.

Vanquished Creatures (collateral kills)
  A jelly (D:5)
  Robin (D:3)
  A kobold (D:3)
  A rat (D:3)
4 creatures vanquished.

Grand Total: 100 creatures vanquished

Notes
Turn   | Place    | Note
-------+----------+-------------------------------------------
     0 | D:1      | Zonian the Demonspawn Gladiator began the quest for the
                  | Orb.
     0 | D:1      | Reached XP level 1. HP: 16/16 MP: 1/1
     7 | D:1      | Noticed a servant of whispers
     7 | D:1      | Noticed a tyrant leech
     7 | D:1      | Noticed a basilisk
     8 | D:1      | Noticed a frost giant
  1021 | D:1      | Gained mutation: Your touch may inflict minor irresistible
                  | damage on your foes. [demonic ancestry]
  1021 | D:1      | Reached XP level 2. HP: 22/22 MP: 2/2
  1867 | D:2      | Gained mutation: A weak demonic guardian rushes to your
                  | aid. [demonic ancestry]
  1867 | D:2      | Reached XP level 3. HP: 28/28 MP: 3/3
  2287 | D:2      | Gained mutation: You are partially covered in yellow
                  | scales. (AC +2) [demonic ancestry]
  2287 | D:2      | Reached XP level 4. HP: 28/34 MP: 4/4
  2926 | D:3      | You fall into a shaft and drop 2 floors!
  2926 | D:5      | Entered Level 5 of the Dungeon
  3728 | D:3      | Gained mutation: You are mostly covered in yellow scales.
                  | (AC +3) [demonic ancestry]
  3728 | D:3      | Reached XP level 5. HP: 40/41 MP: 5/5
  4442 | D:3      | Noticed Robin
  4452 | D:3      | Killed Robin
  5383 | D:5      | Noticed an ice beast
  5409 | D:5      | Killed an ice beast
  5410 | D:5      | Reached XP level 6. HP: 20/48 MP: 3/6
  5583 | D:5      | HP: 2/48 [acid (2)]
  6047 | D:5      | Slain by a gnoll sergeant

Illustrated notes

Levels and vault maps discovered:
D:1:      onia_arrival_zoo_common, layout_basic
D:2:      layout_rooms
D:3:      layout_basic, minmay_between, uniq_robin
D:4:      layout_loops_cross
D:5:      layout_rooms

Skill      XL: |  1  2  3  4  5 |
---------------+----------------+-----
Throwing       | 2 3 |  3.4
Dodging        | 3 |  3.9
Short Blades   | 3 |  3.9
Fighting       | 3 |  3.8

Action                   |  1- 3 |  4- 6 || total
-------------------------+-------+-------++-------
Melee: Rapier            |   103 |   169 ||   272
       Punch             |     1 |     2 ||     3
       Touch             |     9 |    22 ||    31
 Fire: Sling             |    30 |       ||    30
Throw: Throwing net      |       |     4 ||     4
       Dart              |       |     3 ||     3
       Javelin           |       |     1 ||     1
  Use: Scroll            |       |     7 ||     7
 Stab: Sleeping          |     3 |     2 ||     5
       Distracted        |       |     1 ||     1
Armor: Leather armour    |    46 |    46 ||    92
Dodge: Dodged            |   107 |    99 ||   206
Block: Buckler           |       |     7 ||     7
